 Dungeon Sprint DCSS version 0.28-a0-909-g796cbd3a86 (webtiles) character file.

Game seed: 1184721576465369799

1213 kae the Grappler (level 8, -3/87 HPs)
             Began as a Pale Draconian Transmuter on Nov 24, 2021.
             Was a Priest of Uskayaw.
             Slain by a demonic crawler (5 damage)
             ... in the Dungeon (Sprint I: "Red Sonja").
             The game lasted 00:01:58 (1701 turns).

kae the Grappler (Pale Draconian Transmuter)        Turns: 1701, Time: 00:01:59

Health: -3/87      AC:  8    Str: 13    XL:     8   Next: 22%
Magic:  17/17      EV: 12    Int: 15    God:    Uskayaw [***...]
Gold:   405        SH:  0    Dex: 12    Spells: 11/19 levels left

rFire   x . .      SeeInvis .     - Unarmed
rCold   + + +      Faith    .   (shield currently unavailable)
rNeg    . . .      Spirit   .   (armour unavailable)
rPois   +          Reflect  .   (helmet currently unavailable)
rElec   .          Harm     .   (cloak currently unavailable)
rCorr   .          Rampage  .   (gloves currently unavailable)
Will    .....      NoTele   +   (boots currently unavailable)
Stlth   +.........              (no amulet)
HPRegen 0.24/turn               (no ring)
MPRegen 0.15/turn               (no ring)

@: ice-form
A: freezing attack, amphibious, boosted hp, (breathe steam), AC +6, large,
unfitting armour, (cold-blooded), (steam resistance)
a: End Transformation, Renounce Religion, Stomp, Line Pass


You were in the Dungeon.
You worshipped Uskayaw.
Uskayaw was noncommittal.
You were a creature of crystalline ice.
You visited 1 branch You collected 405 gold pieces.

Inventory:

Wands
 c - a wand of polymorph (8)
Potions
 a - a potion of curing
 b - a potion of heal wounds
 d - 2 potions of magic


   Skills:
 + Level 7.2 Fighting
 + Level 6.3 Dodging
 * Level 10.1 Unarmed Combat
 + Level 6.4 Spellcasting
 * Level 9.7 Transmutations
 + Level 4.3 Ice Magic


You had 11 spell levels left.
You knew the following spells:

 Your Spells              Type           Power      Damage    Failure   Level
a - Beastly Appendage     Tmut           68%        N/A       1%          1
b - Spider Form           Tmut/Pois      19%        N/A       6%          3
c - Ice Form              Ice/Tmut       26%        N/A       8%          4

Your spell library contained the following spells:

 Spells                   Type           Power      Damage    Failure   Level
 Wereblood                Tmut           34%        N/A       1%          2


Dungeon Overview and Level Annotations

Branches:
Dungeon (1/1)

Altars:
Cheibriados
Dithmenos
Elyvilon
Fedhas
Gozag
Hepliaklqana
Kikubaaqudgha
Makhleb
Nemelex Xobeh
Okawaru
Qazlal
Ru
Sif Muna
Trog
Uskayaw
Vehumet
Wu Jian
Xom
Yredelemnul
Zin
The Shining One
Jiyva
Lugonu

Shops:
D !


Innate Abilities, Weirdness & Mutations

You are a creature of crystalline ice.
You have a powerful freezing melee attack.
You are amphibious.
Your maximum health is increased.
Your armour is entirely melded.
You are incapable of wielding weapons or throwing items.
((You can breathe blasts of scalding, opaque steam.))
((Your pale cyan-grey scales are hard. (AC +6)))
You cannot fit into any form of body armour.
((You are cold-blooded and may be slowed by cold attacks.))
((You are immune to the effects of steam.))


Message History

You hit the demonic crawler but do no damage.
The demonic crawler is moderately wounded.
The demonic crawler hits you! The demonic crawler barely misses you.
The demonic crawler hits you.
You are too injured to fight recklessly!
You are too injured to fight recklessly!
You are too injured to fight recklessly!
The demonic crawler gives a hideous shriek!
You punch the demonic crawler! You freeze the demonic crawler.
The demonic crawler is heavily wounded.
The demonic crawler hits you but does no damage. x2
The demonic crawler misses you. x2; The demonic crawler hits you! x2
You can now pass through a line of other dancers.
You punch the demonic crawler! You freeze the demonic crawler.
The demonic crawler is severely wounded.
The demonic crawler hits you.
* * * LOW HITPOINT WARNING * * *
The demonic crawler hits you.
* * * LOW HITPOINT WARNING * * *
The demonic crawler barely misses you.
You punch the demonic crawler! You freeze the demonic crawler.
The demonic crawler is almost dead.
The demonic crawler hits you.
* * * LOW HITPOINT WARNING * * *
The demonic crawler hits you.
* * * LOW HITPOINT WARNING * * *
The demonic crawler hits you but does no damage.
Uskayaw will force your foes to helplessly watch your dance.
Uskayaw prepares the audience for your solo!
Okay, then.
The helpless demonic crawler fails to defend itself.
You hit the demonic crawler. You freeze the demonic crawler.
The demonic crawler is almost dead.
The demonic crawler is no longer paralysed. x2
The demonic crawler barely misses you. The demonic crawler hits you.
* * * LOW HITPOINT WARNING * * *
The demonic crawler hits you.
* * * LOW HITPOINT WARNING * * *
The demonic crawler hits you.
You die...

###################
#<.#..').#..'.s#__#
#..'..#s.)..#..'..s
#.[#####'#####'#__#
#..####..#...#[####
#..#__####..##[#
#ss#_____##'#_.+
#⌠Y#_.∩...†..._#
####_..__##_.#+#
#_____###+# #######


You could see 2 demonic crawlers.

Vanquished Creatures
  A demonic crawler (D)
  A kobold demonologist (D)
  A slime creature (D)
  Sigmund (D)
  A yak (D)
  A floating eye (D)
  An ogre (D)
  A jelly (D)
  Ijyb (D)
9 creatures vanquished.

Notes
Turn   | Place    | Note
-------+----------+-------------------------------------------
     0 | D        | kae the Draconian Transmuter began the quest for the Orb.
     0 | D        | Reached XP level 1. HP: 16/16 MP: 3/3
     3 | D        | Noticed Ijyb
    13 | D        | Killed Ijyb
    14 | D        | Reached skill level 4 in Unarmed Combat
    14 | D        | Reached XP level 2. HP: 24/25 MP: 2/5
   116 | D        | Noticed an ogre
   125 | D        | Killed an ogre
   126 | D        | Reached skill level 5 in Unarmed Combat
   126 | D        | Reached skill level 5 in Transmutations
   126 | D        | Reached XP level 3. HP: 11/33 MP: 5/8
   126 | D        | Reached XP level 4. HP: 14/40 MP: 5/9
   342 | D        | Learned a level 3 spell: Spider Form
   347 | D        | Learned a level 4 spell: Ice Form
   356 | D        | Noticed Sigmund
   398 | D        | Killed Sigmund
   399 | D        | Reached skill level 5 in Fighting
   399 | D        | Reached skill level 7 in Unarmed Combat
   399 | D        | Reached XP level 5. HP: 11/48 MP: 7/12
   399 | D        | Reached XP level 6. HP: 13/56 MP: 7/13
   647 | D        | Found an ornate altar of the Wu Jian Council.
   647 | D        | Found a shimmering blue altar of Sif Muna.
   651 | D        | Found a radiant altar of Vehumet.
   744 | D        | Found Ruir's Distillery.
   744 | D        | Found an ancient bone altar of Kikubaaqudgha.
   744 | D        | Found a hazy altar of Hepliaklqana.
   744 | D        | Found a stormy altar of Qazlal.
   744 | D        | Found a hide-covered altar of Uskayaw.
   744 | D        | Found a blossoming altar of Fedhas.
   744 | D        | Found a bloodstained altar of Trog.
   744 | D        | Found an iron altar of Okawaru.
   744 | D        | Found a basalt altar of Yredelemnul.
   744 | D        | Found a glowing golden altar of the Shining One.
   744 | D        | Found a snail-covered altar of Cheibriados.
   744 | D        | Found a sacrificial altar of Ru.
   744 | D        | Found a glowing silver altar of Zin.
   744 | D        | Found a shadowy altar of Dithmenos.
   744 | D        | Found a white marble altar of Elyvilon.
   744 | D        | Noticed a yak
   745 | D        | Found an opulent altar of Gozag.
   754 | D        | Killed a yak
   755 | D        | Reached skill level 5 in Dodging
   755 | D        | Reached skill level 8 in Unarmed Combat
   755 | D        | Reached skill level 5 in Spellcasting
   904 | D        | Found a sparkling altar of Nemelex Xobeh.
   911 | D        | Became a worshipper of Uskayaw the Reveller
   922 | D        | Found a viscous altar of Jiyva.
   922 | D        | Found a corrupted altar of Lugonu.
   922 | D        | Noticed a slime creature
   923 | D        | Found a burning altar of Makhleb.
   923 | D        | Found a shimmering altar of Xom.
   928 | D        | Reached * piety under Uskayaw
   932 | D        | Reached ** piety under Uskayaw
   952 | D        | Killed a slime creature
   953 | D        | Your scales start taking on a pale cyan-grey colour.
   953 | D        | Reached XP level 7. HP: 13/64 MP: 13/15
   953 | D        | Gained mutation: You are immune to the effects of steam.
                  | [Pale Draconian growth]
  1233 | D        | Noticed a kobold demonologist
  1235 | D        | Reached skill level 9 in Unarmed Combat
  1240 | D        | Killed a kobold demonologist
  1240 | D        | Reached *** piety under Uskayaw
  1241 | D        | Noticed a kobold demonologist
  1241 | D        | Noticed a demonic crawler
  1241 | D        | Noticed a demonic crawler
  1241 | D        | Noticed a demonic crawler
  1241 | D        | Noticed a demonic crawler
  1247 | D        | Reached **** piety under Uskayaw
  1248 | D        | Noticed a chaos spawn
  1251 | D        | Reached ***** piety under Uskayaw
  1558 | D        | Killed a demonic crawler
  1559 | D        | Reached skill level 10 in Unarmed Combat
  1559 | D        | Reached XP level 8. HP: 61/73 MP: 17/17
  1701 | D        | HP: 2/87 [demonic crawler (4)]
  1701 | D        | Slain by a demonic crawler

Illustrated notes

Levels and vault maps discovered:
D:        dungeon_sprint_1 [red_sonja_temple_1, red_sonja_temple_small_1]

Skill      XL: |  1  2  3  4  5  6  7 |
---------------+----------------------+-----
Fighting       | 2 3 5 6 7 |  7.2
Dodging        | 2 3 4 5 6 |  6.3
Unarmed Combat | 4 5 7 8 10 | 10.1
Transmutations | 3 5 6 8 9 |  9.7
Spellcasting   | 3 4 5 6 |  6.4
Ice Magic      | 3 4 |  4.3

Action                   |  1- 3 |  4- 6 |  7- 9 || total
-------------------------+-------+-------+-------++-------
Melee: Unarmed           |    17 |    27 |    25 ||    69
       Tailslap          |     3 |       |       ||     3
       Kick              |     2 |       |       ||     2
 Cast: Beastly Appendage |     2 |       |       ||     2
       Spider Form       |       |     4 |       ||     4
       Ice Form          |       |     1 |     3 ||     4
 Abil: Breathe Steam     |       |       |     1 ||     1
  Use: Potion            |     2 |       |       ||     2
       Scroll            |       |       |     1 ||     1
 Stab: Paralysed         |       |       |     1 ||     1
Armor: Skin              |     1 |     1 |    19 ||    21
Dodge: Dodged            |     4 |    11 |    23 ||    38

Table legend: (Time is in decaauts)
 A = Elapsed time spent in this place.
 B = Non-inter-level travel time spent in this place.
 C = Inter-level travel time spent in this place.
 D = Time resting spent in this place.
 E = Time spent auto-exploring this place.
 F = Levels seen in this place.
 G = Mean time per level.
                   A        B        C        D        E       F      G
               +--------+--------+--------+--------+--------+-----+--------+
         Total |   1672 |   1672 |      0 |   1372 |      7 |   1 | 1672.0 |
       Dungeon |   1672 |   1672 |      0 |   1372 |      7 |   1 | 1672.0 |
               +--------+--------+--------+--------+--------+-----+--------+

Top non-repeatable levels by time:
       D: 1672 daAuts
